 Dungeon Crawl Stone Soup version 0.30-a0-618-gd6c86c23d0 (webtiles) character file.

Game seed: 12943042151557045135

2 wormed the Conjurer (level 1, 13/13 HPs)
             Began as a Demonspawn Conjurer on Jan 9, 2023.
             Was a Follower of Nemelex Xobeh.
             Quit the game on level 1 of the Dungeon.
             The game lasted 00:00:56 (162 turns).

wormed the Conjurer (Demonspawn Conjurer)            Turns: 162, Time: 00:00:57

Health: 13/13      AC:  2    Str:  7    XL:     1   Next: 25%
Magic:  3/3        EV: 12    Int: 19    God:    Nemelex Xobeh [*.....]
Gold:   23         SH:  0    Dex: 11    Spells: 3/4 levels left

rFire   . . .      SeeInvis .    (no weapon)
rCold   . . .      Faith    .    (no shield)
rNeg    . . .      Spirit   .    a - +0 robe
rPois   .          Reflect  .    (no helmet)
rElec   .          Harm     .    (no cloak)
rCorr   .          Rampage  .    (no gloves)
Will    .....                    (no boots)
Stlth   ++                       (no amulet)
HPRegen 0.22/turn                (no ring)
MPRegen 0.08/turn                (no ring)

@: no status effects
A: no striking features
a: Renounce Religion, Draw Escape, Draw Destruction, Draw Summoning


You were on level 1 of the Dungeon.
You worshipped Nemelex Xobeh.
Nemelex Xobeh was aware of your devotion.
You visited 1 branch of the dungeon, and saw 1 of its levels.

You collected 23 gold pieces.

Inventory:

Armour
 a - a +0 robe (worn)
Potions
 b - a potion of magic
 c - a potion of invisibility {unknown}


   Skills:
 - Level 1.7 Dodging
 - Level 1.7 Stealth
 + Level 2.0 Spellcasting
 + Level 4.0 Conjurations
 + Level 0.1 Hexes
 + Level 0.1 Translocations


You had 3 spell levels left.
You knew the following spells:

 Your Spells              Type           Power      Damage    Failure   Level
a - Magic Dart            Conj           68%        1d6       3%          1

Your spell library contained the following spells:

 Spells                   Type           Power      Damage    Failure   Level
 Searing Ray              Conj           34%        2d5       4%          2
 Dazzling Flash           Conj/Hex       18%        N/A       22%         3
 Fulminant Prism          Conj/Hex       4%         3d5       56%         4
 Iskenderun's Mystic Bla  Conj/Tloc      9%         2d4       56%         4


Dungeon Overview and Level Annotations

Branches:
Dungeon (1/15)

Altars:
Nemelex Xobeh


Message History

A rat is nearby!
Casting: Magic Dart (safe; 3% risk of failure)
Confirm with . or Enter, or press ? or * to list all spells.
Aiming: Magic Dart (safe; 3% risk of failure)
Press: ? - help, Shift-Dir - straight line, f - rat
Aim: a rat (asleep, 100% to hit)
The magic dart hits the rat.
You kill the rat!
Magic restored.
Found a stone staircase leading down.
You see here a staff of fire.
Found a faded altar of an unknown god.
A bat comes into view.
A bat is nearby!
A bat is nearby!
Casting: Magic Dart (safe; 3% risk of failure)
Confirm with . or Enter, or press ? or * to list all spells.
Aiming: Magic Dart (safe; 3% risk of failure)
Press: ? - help, Shift-Dir - straight line, f - bat
Aim: a bat (asleep, 100% to hit)
The magic dart hits the bat.
The bat is heavily wounded.
Casting: Magic Dart (safe; 3% risk of failure)
Confirm with . or Enter, or press ? or * to list all spells.
Aiming: Magic Dart (safe; 3% risk of failure)
Press: ? - help, Shift-Dir - straight line, f/p - bat
Aim: a bat (heavily wounded, 100% to hit)
The magic dart hits the bat.
You kill the bat!
There is a faded altar of an unknown god here.
This altar belongs to (a) Ashenzari, (b) Nemelex Xobeh or (c) Vehumet, but you can't tell which.
Press the corresponding letter to learn more about a god, or press enter to convert or escape to cancel.
Okay, then.
This altar belongs to (a) Ashenzari, (b) Nemelex Xobeh or (c) Vehumet, but you can't tell which.
Press the corresponding letter to learn more about a god, or press enter to convert or escape to cancel.
Nemelex Xobeh accepts your prayer! Nemelex Xobeh welcomes you!
You can now draw from decks of power.
Nemelex will now gift you decks of power as you gain piety.
Nemelex Xobeh deals you some cards!
You now have 2 escape cards, 4 destruction cards and 1 summoning card.
Are you sure you want to abandon this character and quit the game? (Confirm with "yes".)

###### #....#############
#................#
#..#############.###
#...#...#P#.. #....#######
#...#.#.#P#.# #..#........
#........PP.PPP....#......
#...#.#.#P#.#.#..###......
#...#...#@#.P.#..# #......
#...#.#.#.#.#.#... #......
#......P..PP.P...# #......
##.|.#.#.#.#.#.#..#...#.#.#
#....#...#.#.P. ......#.#.#
####...########
####.....#.# #
#>............ .........#
#............. #.##.####
#.##.#####...... # ..


There were no monsters in sight!

Vanquished Creatures
  A bat (D:1)
  A rat (D:1)
2 creatures vanquished.

Notes
Turn   | Place    | Note
-------+----------+-------------------------------------------
     0 | D:1      | wormed the Demonspawn Conjurer began the quest for the Orb.
     0 | D:1      | Reached XP level 1. HP: 13/13 MP: 3/3
    96 | D:1      | Found a faded altar of an unknown god.
   161 | D:1      | Prayed at the altar of an unknown god.
   161 | D:1      | Became a worshipper of Nemelex Xobeh the Trickster
   161 | D:1      | Reached * piety under Nemelex Xobeh
   161 | D:1      | Received a gift from Nemelex Xobeh
   162 | D:1      | Quit the game

Illustrated notes

Levels and vault maps discovered:
D:1:      heliophobic_arrival_ceremonial_halls, layout_basic,
          shapermc_ecumenical_altar_mp_urbaneastern, st_stairs_6

Action                   || total
-------------------------++-------
 Cast: Magic Dart        ||     3

Table legend: (Time is in decaauts)
 A = Elapsed time spent in this place.
 B = Non-inter-level travel time spent in this place.
 C = Inter-level travel time spent in this place.
 D = Time resting spent in this place.
 E = Time spent auto-exploring this place.
 F = Levels seen in this place.
 G = Mean time per level.
                   A        B        C        D        E       F      G
               +--------+--------+--------+--------+--------+-----+--------+
         Total |    162 |    131 |     31 |      0 |    119 |   1 |  162.0 |
       Dungeon |    162 |    131 |     31 |      0 |    119 |   1 |  162.0 |
               +--------+--------+--------+--------+--------+-----+--------+

Top non-repeatable levels by time:
     D:1: 162 daAuts
